Map: 여명 - 래더 (공허의 유산)

Players

Maru - Winner!

  • Race: Terran Terran
  • League: Master
  • Spawn Location: 1:00

愛蜜莉雅

  • Race: Protoss Protoss
  • League: Diamond
  • Spawn Location: 7:00

VOD

Have the link to the VOD?

Description

Time

  • Played on: Nov. 29, 2016, 8:16 a.m.
  • Length: 4:39
Show
View Real Time Build Order
Export as new Build Order

Maru Terran - Winner!

Build Orders: Reaper Expand 

Get SALT Encoding   

  12  0:00  SCV  
  13  0:12  SCV  
  14  0:17  Supply Depot  
  14  0:24  SCV  
  15  0:29  Refinery  
  15  0:39  SCV  
  16  0:45  Barracks  
  16  0:51  SCV  
  17  1:03  SCV  
  18  1:15  SCV  
  19  1:32  Reaper, Orbital Command  
  20  1:51  Command Center  
  20  1:57  Factory  
  20  2:00  SCV  
  21  2:06  Barracks Reactor  
  21  2:12  SCV  
  22  2:16  Bunker  
  22  2:21  Supply Depot  
  22  2:25  SCV  
  22  2:28  Refinery  
  23  2:43  Marine x2, SCV, Factory Tech Lab  
  26  2:56  Engineering Bay  
  26  2:58  SCV  
  27  3:01  Marine x2  
  29  3:07  Siege Tank  
  32  3:14  SCV  
  32  3:19  Marine  
  33  3:20  Marine  
  33  3:23  Missile Turret  
  35  3:29  Bunker  
  35  3:33  Orbital Command  
  34  3:37  SCV  
  35  3:47  Siege Tank  
  38  3:52  Marine x2  
  38  3:55  SCV  
  41  4:01  SCV  
  42  4:06  Starport  
  42  4:10  Supply Depot  
  42  4:13  Marine  
  41  4:24  SCV  
Show
View Real Time Build Order
Export as new Build Order

愛蜜莉雅 Protoss 

Build Orders:  

Get SALT Encoding   

  12  0:00  Probe (Chrono Boost)  
  13  0:11  Probe (Chrono Boost)  
  14  0:17  Pylon  
  14  0:22  Probe (Chrono Boost)  
  15  0:36  Probe (Chrono Boost)  
  15  0:37  Gateway  
  16  0:46  Probe (Chrono Boost)  
  16  0:47  Assimilator  
  17  0:54  Assimilator  
  18  0:57  Probe (Chrono Boost)  
  18  1:05  Gateway  
  18  1:08  Probe (Chrono Boost)  
  19  1:19  Probe (Chrono Boost)  
  19  1:24  Cybernetics Core  
  20  1:29  Probe (Chrono Boost)  
  22  1:40  Probe (Chrono Boost)  
  22  1:43  Pylon  
  22  1:50  Probe (Chrono Boost)  
  23  2:01  Stalker x2  
  27  2:03  Warp Gate  
  27  2:07  Mothership Core (Chrono Boost)  
  29  2:14  Pylon  
  29  2:33  Stargate  
  30  2:47  Stalker  
  30  2:50  Stalker  
  33  2:56  Pylon  
  33  3:02  Gateway  
  33  3:14  Gateway  
  33  3:18  Stalker  
  35  3:23  Stalker  
  37  3:39  Pylon  
  37  3:44  Pylon  
  37  4:09  Zealot x4  
  36  4:30  Stalker x2  
Tags
 
Add a new tag
Caveats
  • Supply blocks, unpowered buildings, or Contaminate may cause inaccurate times.
  • Supply counts are checked every 10 seconds.